Unix NetHack Version 5.0.0-0 post-release - last build Jun 10 2026 00:39:30 (3ee93aec679c4c4259841fe613dc97188e26a321,branch:main).

Game began 2026-07-02 19:10:58, ended 2026-07-02 19:27:24.

IanCurtis, chaotic male elven Wizard

                                       ............
                                  ...  *....).[....
                                  -):  .|...........
                                  |@.          --...
                                  ---           |-..
                                                |<..
                                                |^--
                                                ---

IanCurtis the Conjurer    St:6 Dx:14 Co:14 In:17 Wi:10 Ch:11  Chaotic
Dlvl:4  $:24 HP:0(26) Pw:36(41) AC:9  Xp:4 T:1380 

Latest messages:
 The killer bee stings!
 The killer bee stings!
 What do you want to write with? [- acenFG or ?*] -
 You write in the dust with your fingertip.
 What do you want to write in the dust here? Elbereth
 The killer bee turns to flee.
 The killer bee stings!
 You climb up the stairs.
 In what direction? k
 The spell hits the jackal!
 You kill the jackal!
 There is a jackal corpse here; eat it? [ynq] (n) y
 This jackal corpse is fatty.
 You finish eating the jackal corpse.
 You feel full of energy.
 You descend the stairs.
 The killer bee stings!
 The killer bee's sting was poisoned!
 You feel weaker!
 The killer bee stings!
 You miss the killer bee.
 The killer bee stings!
 You miss the killer bee.
 The killer bee stings!
 You miss the killer bee.
 The killer bee stings!
 The killer bee stings!
 You miss the killer bee.
 The killer bee stings!
 You climb up the stairs.
 What do you want to put on? [eG or ?*] ?
 Which ring-finger, Right or Left? [rl] r
 e - an uncursed ring of sustain ability (on right hand).
 You hear a C note squeak in the distance.
 You stop searching.
 You stop searching.
 The iguana bites!
 You miss the iguana.
 The iguana bites!
 In what direction? u
 The spell misses the iguana.
 The iguana bites!
 The iguana bites!
 You stop searching.
 You hit the iguana!
 Your hands stop glowing red.
 The iguana appears confused.
 The iguana bites!
 You die...
 Do you want your possessions identified? [ynq] (y) q

Inventory:
 Coins    ('$')
  $ - 24 gold pieces
 Weapons  (')')
  a - a blessed +1 quarterstaff (weapon in hands)
 Armor    ('[')
  b - an uncursed +0 cloak of magic resistance (being worn)
 Comestibles  ('%')
  B - an uncursed food ration
  y - an uncursed sprig of wolfsbane
 Scrolls  ('?')
  q - an uncursed scroll of blank paper
  i - an uncursed scroll of create monster
  E - an uncursed scroll of enchant weapon
  u - a cursed scroll of fire
  p - an uncursed scroll of gold detection
  j - an uncursed scroll of identify
  x - an uncursed scroll of teleportation named teleport
  z - a cursed scroll of teleportation
 Spellbooks  ('+')
  m - an uncursed spellbook of confuse monster
  l - a blessed spellbook of force bolt
 Potions  ('!')
  h - an uncursed potion of enlightenment
  f - a blessed potion of extra healing
  g - an uncursed potion of extra healing
  r - an uncursed potion of healing
  w - a cursed potion of healing
  A - a blessed potion of paralysis
  v - an uncursed potion of restore ability
 Rings    ('=')
  e - an uncursed ring of sustain ability (on right hand)
  G - an uncursed ring of warning
 Wands    ('/')
  c - a wand of cancellation (0:7)
  F - a wand of magic missile (0:4)
 Tools    ('(')
  k - an uncursed lock pick
  n - a magic marker (0:19)
  d - a +0 pick-axe

IanCurtis the Wizard's attributes:

Background:
 You were a Conjurer, a level 4 male elven Wizard.
 You were chaotic, on a mission for Anhur
 who was opposed by Ptah (lawful) and Thoth (neutral).
 You were right-handed.
 You were in the Gnomish Mines, on level 4.
 You entered the dungeon 1380 turns ago.
 There was a full moon in effect when your adventure ended.
 You had 137 experience points, 23 more were needed to attain level 5.

Basics:
 You had 0 out of 26 hit points.
 You had 36 out of 41 energy points (spell power).
 Your armor class was 9.
 Your wallet contained 24 zorkmids.
 Autopickup was off.

Final Characteristics:
 Your strength was 6 (peak:10, limit:18).
 Your dexterity was 14 (limit:18).
 Your constitution was 14 (limit:16).
 Your intelligence was 17 (limit:20).
 Your wisdom was 10 (limit:20).
 Your charisma was 11 (limit:18).

Final Status:
 You weren't hungry.
 You were unencumbered.
 You were wielding a quarterstaff.
 You had basic skill with quarterstaff.

Final Attributes:
 You were devoutly aligned.
 You were magic-protected.
 You were sleep resistant.
 You had infravision.
 You were warded.
 You had fixed abilities.
 You were lucky.
 You are dead.

Miscellaneous:
 You encountered 1 bones level.
 Total elapsed playing time was 16 minutes and 25 seconds.

Major events:
 Turn
    1: IanCurtis the chaotic male elven Wizard entered the dungeon
  559: entered the Gnomish Mines
  563: attained the rank of Conjurer (level 3)
  751: reached Mine Town
 1380: killed by an iguana

Spells:
 Name                 Level Category     Fail Retention
 force bolt             1   attack         0%  91%-100%
 confuse monster        1   enchantment    0%  91%-100%

Skills:
 Fighting Skills
   bare handed combat [Unskilled]
   riding             [Unskilled]
 Weapon Skills
   dagger             [Unskilled]
   knife              [Unskilled]
   axe                [Unskilled]
   short sword        [Unskilled]
   club               [Unskilled]
   mace               [Unskilled]
   quarterstaff       [Basic]
   polearms           [Unskilled]
   spear              [Unskilled]
   trident            [Unskilled]
   sling              [Unskilled]
   dart               [Unskilled]
   shuriken           [Unskilled]
 Spellcasting Skills
   attack spells      [Basic]
   healing spells     [Unskilled]
   divination spells  [Unskilled]
   enchantment spells [Basic]
   clerical spells    [Unskilled]
   escape spells      [Unskilled]
   matter spells      [Unskilled]

Voluntary challenges:
 Character rerolling was not enabled.
 You never genocided any monsters.
 You never polymorphed an object.
 You never changed form.
 You used no wishes.
Achievements:
 You entered the Gnomish Mines.
 You attained the rank of Conjurer.
 You entered Minetown.
 You entered a temple.

 The Dungeons of Doom: levels 1 to 2
    Level 1:
       A fountain.
    Level 2: "vault"
       An altar, a fountain.
       Stairs down to The Gnomish Mines.
 The Gnomish Mines: levels 3 to 5
    Level 3:
    Level 4: <- You were here.
       Final resting place for
          you, killed by an iguana.
    Level 5:
       A temple and an altar.
       Final resting place for
          Tzelly-Wiz-Gno-Fem-Neu, killed by a killer bee.


Vanquished creatures:
  3 dwarves
  a kobold leader
  a killer bee
  5 gnomes
  a garter snake
  2 geckos
  4 jackals
  a kobold
  a goblin
  a grid bug
  3 lichens
  5 newts
28 creatures vanquished.

No species were genocided or became extinct.

Game over:
                       ----------
                      /          \
                     /    REST    \
                    /      IN      \
                   /     PEACE      \
                  /                  \
                  |    IanCurtis     |
                  |      24 Au       |
                  |   killed by an   |
                  |      iguana      |
                  |                  |
                  |                  |
                  |       2026       |
                 *|     *  *  *      | *
        _________)/\\_//(\/(/\)/\//\/|_)_______

Goodbye IanCurtis the Wizard...

You died in The Gnomish Mines on dungeon level 4 with 780 points,
and 24 pieces of gold, after 1380 moves.
You were level 4 with a maximum of 26 hit points when you died.

